Map: Blackpink LE

Players

Stephano - Winner!

  • Race: Zerg Zerg
  • League: Grandmaster
  • Spawn Location: 1:00

Zerghamdi

  • Race: Zerg Zerg
  • League: Grandmaster
  • Spawn Location: 7:00

Event: WESG Barcelona European Finals 2017

VOD

Have the link to the VOD?

Description

Time

  • Played on: Nov. 23, 2017, 9:55 a.m.
  • Length: 9:29

All games in this series

Show
View Real Time Build Order
Export as new Build Order

Stephano Zerg - Winner!

Build Orders: Hatch First 

Get SALT Encoding   

  12  0:00  Drone  
  13  0:12  Overlord  
  13  0:17  Drone  
  14  0:30  Drone  
  14  0:31  Drone  
  14  0:34  Drone  
  17  0:51  Hatchery  
  17  0:54  Drone  
  17  0:57  Drone  
  18  1:09  Extractor  
  17  1:12  Spawning Pool  
  17  1:15  Drone  
  17  1:18  Drone  
  18  1:28  Drone  
  19  1:38  Overlord  
  19  1:59  Queen  
  19  2:00  Zergling x4  
  23  2:03  Queen  
  23  2:04  Zergling x2  
  26  2:10  Spine Crawler  
  26  2:12  Metabolic Boost  
  26  2:14  Zergling x2  
  26  2:16  Zergling x2  
  27  2:28  Drone  
  28  2:31  Zergling x2  
  29  2:41  Zergling x4  
  29  2:43  Drone  
  32  2:49  Drone  
  33  3:00  Baneling Nest  
  33  3:03  Zergling x4  
  34  3:06  Queen  
  34  3:12  Overlord  
  36  3:17  Overlord  
  36  3:23  Overlord  
  36  3:25  Drone  
  36  3:35  Zergling x10  
  36  3:40  Drone  
  41  3:43  Baneling x2  
  41  3:44  Drone  
  42  3:51  Drone  
  43  3:57  Baneling x2  
  43  4:06  Drone  
  43  4:07  Drone  
  43  4:08  Drone x2  
  43  4:09  Drone  
  46  4:12  Zergling x2  
  45  4:20  Zergling x8  
  48  4:28  Zergling x8  
  49  4:36  Zergling x2  
  46  4:46  Hatchery  
  46  4:49  Zergling x6  
  46  4:52  Baneling x2  
  47  4:56  Zergling x2  
  48  5:04  Zergling x2  
  48  5:05  Zergling x2  
  46  5:15  Baneling x3  
  46  5:16  Baneling, Zergling x2  
  46  5:17  Zergling x12  
  46  5:20  Baneling x2  
  52  5:22  Zergling x2  
  53  5:32  Zergling x4  
  52  5:40  Drone  
  49  5:43  Drone x3  
  49  5:46  Lair  
  49  5:47  Roach Warren  
  49  5:49  Evolution Chamber  
  50  5:50  Drone  
  50  5:51  Drone  
  50  5:54  Drone  
  52  5:57  Extractor  
  52  5:59  Drone x2  
  51  6:05  Drone  
  51  6:09  Drone  
  53  6:13  Drone  
  54  6:18  Drone  
  54  6:24  Drone  
  56  6:27  Drone x2  
  56  6:28  Overlord  
  56  6:31  Drone  
  56  6:32  Overlord x2  
  59  6:33  Zerg Missile Weapons Level 1  
  59  6:42  Roach x3  
  65  6:50  Extractor  
  62  6:56  Overlord  
  62  6:57  Drone x3  
  62  7:00  Glial Reconstitution  
  63  7:06  Roach  
  62  7:10  Roach  
  62  7:11  Drone x2  
  62  7:13  Drone x2  
  62  7:14  Drone x2  
  62  7:15  Drone x2  
  69  7:18  Roach x2  
  69  7:21  Roach  
  69  7:22  Drone  
  76  7:25  Roach, Extractor  
  76  7:26  Roach  
  81  7:30  Spine Crawler, Roach  
  81  7:32  Roach  
  81  7:35  Roach  
  84  7:37  Overlord  
  84  7:40  Roach, Overlord  
  86  7:45  Roach x2  
  86  7:48  Roach  
  86  7:51  Overlord  
  92  7:54  Overlord  
  92  7:57  Roach x2  
  96  7:59  Roach  
  98  8:06  Roach  
  98  8:07  Roach x2  
  98  8:09  Roach x2  
  98  8:11  Roach  
  109  8:17  Roach x3  
  109  8:19  Roach  
  113  8:23  Overlord  
  113  8:25  Overlord  
  113  8:32  Overlord  
  113  8:43  Roach x8  
  122  8:50  Roach x3  
  122  8:55  Roach x2  
  129  9:00  Roach  
  129  9:01  Roach  
  127  9:04  Roach  
  127  9:09  Roach  
Show
View Real Time Build Order
Export as new Build Order

Zerghamdi Zerg 

Build Orders: Pool First, Zergling Baneling 

Get SALT Encoding   

  12  0:00  Drone  
  13  0:12  Overlord  
  13  0:17  Drone  
  14  0:30  Drone x2  
  14  0:34  Drone  
  17  0:44  Extractor  
  17  0:45  Drone  
  17  0:49  Spawning Pool  
  16  0:58  Drone  
  17  1:16  Hatchery  
  16  1:20  Drone  
  17  1:36  Zergling x4  
  17  1:38  Queen  
  21  1:45  Metabolic Boost  
  21  1:53  Overlord  
  21  1:58  Zergling x2  
  22  2:08  Baneling Nest  
  22  2:13  Drone x2  
  23  2:26  Zergling x2  
  23  2:29  Zergling x2  
  25  2:33  Zergling x2  
  26  2:39  Zergling x2  
  27  2:44  Drone  
  27  2:46  Drone x3  
  31  2:57  Zergling x2  
  31  2:58  Zergling x2  
  32  3:03  Baneling x2, Drone  
  33  3:06  Drone  
  34  3:14  Queen  
  34  3:16  Overlord  
  35  3:22  Drone  
  35  3:24  Overlord  
  35  3:35  Drone x4  
  35  3:39  Overlord  
  39  3:47  Roach Warren  
  38  3:50  Lair  
  38  3:53  Drone  
  39  3:56  Drone x2  
  39  4:00  Zergling x4  
  43  4:06  Zergling x4  
  43  4:09  Zergling x2  
  45  4:11  Baneling x3  
  45  4:14  Zergling x2  
  42  4:28  Zergling x6  
  42  4:31  Drone x3  
  42  4:35  Drone x2  
  42  4:39  Drone  
  42  4:44  Drone  
  44  4:45  Evolution Chamber  
  44  4:51  Roach  
  41  4:56  Roach  
  41  4:57  Baneling x2  
  41  4:58  Baneling  
  41  5:05  Zergling x6  
  42  5:16  Zergling x8  
  42  5:18  Queen  
  42  5:20  Zergling x4, Extractor  
  48  5:26  Baneling  
  48  5:27  Baneling  
  49  5:28  Zergling x2  
  49  5:33  Zergling x4  
  50  5:41  Drone x3  
  48  5:46  Drone  
  48  5:49  Zergling x2  
  48  5:54  Queen  
  48  5:55  Drone  
  51  5:59  Drone  
  51  6:00  Glial Reconstitution  
  52  6:07  Zergling x2  
  52  6:10  Baneling x2  
  53  6:12  Drone  
  53  6:23  Drone x4  
  56  6:29  Roach x3  
  58  6:33  Overlord x2  
  58  6:41  Overlord  
  58  6:45  Hatchery  
  59  6:47  Roach  
  59  6:53  Roach x3  
  59  6:54  Roach  
  67  6:56  Roach  
  67  7:05  Roach x2  
  67  7:07  Zergling x2  
  67  7:08  Zergling x4  
  70  7:15  Roach  
  70  7:21  Drone x4  
  70  7:22  Hatchery  
  73  7:29  Drone  
  74  7:32  Extractor  
  74  7:33  Drone  
  74  7:38  Drone  
  74  7:43  Drone  
  76  7:47  Drone x2  
  76  7:49  Drone x3  
  81  7:54  Drone  
  81  7:58  Drone  
  83  8:02  Drone  
  81  8:15  Roach x3  
  81  8:18  Roach  
  81  8:21  Roach  
  81  8:24  Overlord x3  
  83  8:27  Baneling  
  83  8:28  Baneling x4  
  83  8:31  Overlord x2  
  81  8:34  Roach  
  81  8:35  Roach  
  81  8:38  Roach  
  81  8:40  Roach  
  81  8:41  Roach x2  
  89  8:45  Roach  
  83  8:49  Roach x2  
  83  8:53  Roach x2  
  86  8:55  Roach  
  62  9:08  Roach  
Tags
 
Add a new tag
Caveats
  • Supply blocks, unpowered buildings, or Contaminate may cause inaccurate times.
  • Supply counts are checked every 10 seconds.